 Dungeon Crawl Stone Soup version 0.18.1-6-gd335043 (webtiles) character file.

340 MirrMurr the Covert (level 6, -25/28 HPs)
             Began as a Spriggan Enchanter on May 15, 2016.
             Killed from afar by Jerry's ghost (28 damage)
             ... with a bolt of negative energy
             ... on level 4 of the Dungeon.
             The game lasted 00:14:41 (6103 turns).

MirrMurr the Covert (Spriggan Enchanter)            Turns: 6103, Time: 00:14:42

Health: -25/28     AC:  4    Str:  4    XL:     6   Next: 30%
Magic:  22/22      EV: 17    Int: 18    God:
Gold:   184        SH:  0    Dex: 17    Spells: 4 memorised, 4 levels left

rFire  . . .     SeeInvis +     a - +3 dagger (flame)
rCold  . . .     Gourm    .     b - +1 robe
rNeg   . . .     Faith    .     (shield restricted)
rPois  +         Spirit   .     (helmet restricted)
rElec  .         Dismiss  .     k - +0 cloak
rCorr  .         Reflect  .     (gloves unavailable)
SustAt .         Harm     .     (boots unavailable)
MR     +....                    (no amulet)
Stlth  +++++.....               o - ring of magical power
                                e - ring of poison resistance

@: drained, very quick, somewhat resistant to hostile enchantments, quite
stealthy
A: unfitting armour, see invisible, herbivore 3, speed 3, slow metabolism 2
a: no special abilities


You were on level 4 of the Dungeon.
You were not hungry.

You visited 1 branch of the dungeon, and saw 4 of its levels.
You also visited: Ossuary.

You collected 184 gold pieces.

Inventory:

Hand Weapons
 a - a +3 dagger of flaming (weapon)
Missiles
 i - 78 stones (quivered)
 j - 26 poisoned needles
Armour
 b - a +1 robe (worn)
 k - a +0 cloak (worn)
Jewellery
 e - a ring of poison resistance (left hand)
 o - a ring of magical power (right hand)
Scrolls
 f - a scroll of fog
 p - a scroll of teleportation
 w - a scroll of brand weapon
Potions
 g - 3 potions of curing
 h - 2 potions of lignification
 n - a potion of flight
 s - a potion of mutation {unknown}
 t - a potion of agility {unknown}
 v - a potion of brilliance {unknown}
Books
 c - a book of Maledictions

   Spells                             Type                      Level
   a - Corona                         Hexes                        1
   b - Ensorcelled Hibernation        Hexes/Ice                    2
   c - Confuse                        Hexes                        3
   d - Tukima's Dance                 Hexes                        3
   e - Dazzling Spray                 Conjuration/Hexes            3
Comestibles
 d - a bread ration
 l - 4 fruits
 m - a slice of pizza


   Skills:
 - Level 1.1(0.0) Short Blades
 - Level 3.0(1.9) Dodging
 * Level 10.0(8.7) Stealth
 + Level 4.3(3.2) Spellcasting
 - Level 3.6(2.5) Hexes


You had 4 spell levels left.
You knew the following spells:

 Your Spells              Type           Power        Failure   Level  Hunger
a - Ensorcelled Hibernat  Hex/Ice        #.....       14%         2    ##.....
b - Confuse               Hex            ##......     21%         3    ###....
c - Corona                Hex            ##.....      8%          1    None
d - Dazzling Spray        Conj/Hex       #.......     30%         3    ###....


Dungeon Overview and Level Annotations

Branches:
Dungeon (4/15)
 Temple: D:4-7

Altars:
Kikubaaqudgha
Nemelex Xobeh
Vehumet
Xom

Annotations:
D:4 Jerry's ghost, novice DrFi


Innate Abilities, Weirdness & Mutations

You are tiny and cannot use many weapons and most armour.
You have supernaturally acute eyesight.
You are a herbivore.
You cover ground extremely quickly.
You need consume almost no food.


Message History

Press: ? - help, Shift-Dir - straight line, f - adder
Aim: an adder (hasn't noticed you, chance to defeat MR: 50%)
Okay, then.
Press: ? - help, v - describe, . - travel
Here: Jerry's ghost The floor.
Jerry's ghost whispers, "You will understand me better in a moment."
Jerry's ghost breathes negative energy at you.
The bolt of negative energy hits you!
You feel drained.
Ouch! That really hurt!
* * * LOW HITPOINT WARNING * * *
Read which item? (? for menu, Esc to quit)
As you read the scroll of fog, it crumbles to dust.
The scroll dissolves into smoke.
(D) Dungeon
Where to? (Enter - D:3 @ (x,y), ? - help) Jerry's ghost breathes negative energy at you.
The bolt of negative energy hits you!
You feel drained.
Ouch! That really hurt!
You die...

#.....#≈≈§..§≈≈# ..........##...
#.....####''#### .......†>.##<..
........##.....# ..........##...
.............#.#########..#####.#
.....##..###.#....##)......####>#
#......... #..#.........#.....#.#
##.#####..###...#..#....##.##..)#
#.## #..##.....#.##.####.###..#
#..####.....###@...#.####..##...
###..#....... #........###......
S..#.#.#.##.# #........####.....
#.#...#.##.####..............###
##..........§§§W........####..#_'
..........W.§§§§..§..#### #..###
#'###.###'###§§§..#....#####.....
#?##..(##.##.§§..........÷...#...
###.....###..§§......#...###.####


You could see Jerry's ghost.

Vanquished Creatures
  An ogre (D:4)
  A centaur zombie (Ossuary)
  A worker ant (D:4)
  A big kobold zombie (Ossuary)
  3 mummies
  4 adders
  2 oozes
  2 adder zombies (Ossuary)
  A worm (D:2)
  A dart slug (D:1)
  A giant gecko (D:1)
  9 bats
  2 giant cockroaches
  11 goblins
  10 hobgoblins
  4 jackals (D:1)
  3 quokkas
  A ball python (D:1)
  6 giant newts
  3 goblin zombies (Ossuary)
  14 hobgoblin zombies (Ossuary)
  A jackal zombie (Ossuary)
  3 kobolds
  12 kobold zombies (Ossuary)
  4 orc zombies
  13 rats
114 creatures vanquished.

Notes
Turn   | Place    | Note
--------------------------------------------------------------
     0 | D:1      | MirrMurr the Spriggan Enchanter began the quest for the Orb.
     0 | D:1      | Reached XP level 1. HP: 9/9 MP: 5/5
    68 | D:1      | Reached skill level 5 in Stealth
   359 | D:1      | Reached XP level 2. HP: 13/13 MP: 6/6
   363 | D:1      | Learned a level 2 spell: Ensorcelled Hibernation
   571 | D:1      | Reached skill level 6 in Stealth
   929 | D:1      | Reached XP level 3. HP: 16/16 MP: 8/8
   934 | D:1      | Learned a level 3 spell: Confuse
  2105 | D:2      | Reached skill level 7 in Stealth
  2215 | D:2      | Reached XP level 4. HP: 19/21 MP: 5/9
  2258 | D:2      | Learned a level 3 spell: Dazzling Spray
  2358 | D:2      | Found a radiant altar of Vehumet.
  3678 | D:3      | Found a faded altar to an unknown god.
  3816 | D:3      | Found an ancient bone altar of Kikubaaqudgha.
  4090 | D:3      | Found a sparkling altar of Nemelex Xobeh.
  4168 | D:3      | Reached skill level 8 in Stealth
  4500 | D:4      | Noticed Jerry's ghost (novice DrFi)
  4526 | D:4      | HP: 1/21 [Jerry's ghost/bolt of negative energy (20)]
  4972 | D:4      | Reached XP level 5. HP: 24/24 MP: 11/11
  4991 | D:4      | Noticed an ogre
  5018 | D:4      | Killed an ogre
  5018 | D:4      | Reached skill level 9 in Stealth
  5099 | D:4      | Found a shimmering altar of Xom.
  5193 | D:4      | Found a sand-covered staircase.
  5205 | Ossuary  | Entered an ossuary
  5837 | Ossuary  | Reached XP level 6. HP: 18/28 MP: 13/13
  6015 | Ossuary  | Reached skill level 10 in Stealth
  6103 | D:4      | Killed from afar by Jerry's ghost

Skill      XL: |  1  2  3  4  5  6 |
---------------+-------------------+-----
Stealth        | 5 6 7 8 9 10 | 10.0
Spellcasting   | 3 4 |  4.3
Short Blades   | |  1.1
Dodging        | |  3.0
Hexes          | |  3.6

Action                   |  1- 3 |  4- 6 || total
-------------------------+-------+-------++-------
Melee: Dagger            |   220 |   265 ||   485
 Cast: Corona            |     2 |       ||     2
       Ensorcelled Hiber |     6 |     3 ||     9
       Confuse           |       |    12 ||    12
  Use: Scroll            |     5 |    13 ||    18
       Potion            |       |     1 ||     1
 Stab: Sleeping          |    15 |    24 ||    39
       Distracted        |     2 |     3 ||     5
       Confused          |       |     5 ||     5
  Eat: Bread ration      |       |     1 ||     1
       Pizza             |       |     1 ||     1
Armor: Robe              |    36 |    21 ||    57
Dodge: Dodged            |   200 |   137 ||   337
